 Dungeon Crawl Stone Soup version 0.24-b1-44-g37ad8b309f (webtiles) character file.

Game seed: 13127025076271353189, levelgen mode: deterministic

242 Emblim88 the Ruffian (level 5, -5/53 HPs)
             Began as a Troll Monk on Oct 24, 2019.
             Slain by a mummy (14 damage)
             ... in an ossuary.
             The game lasted 00:05:35 (2434 turns).

Emblim88 the Ruffian (Troll Monk)                   Turns: 2434, Time: 00:05:35

Health: -5/53      AC:  6    Str: 20      XL:     5   Next: 82%
Magic:  0/4        EV: 11    Int:  5 (6)  God:
Gold:   198        SH:  2    Dex: 12      Spells: 4/4 levels left

rFire    + . .     SeeInvis .     - Unarmed
rCold    x . .     Gourm    +   (no shield)
rNeg     . . .     Faith    .   a - +0 robe
rPois    .         Spirit   +   (helmet restricted)
rElec    .         Reflect  +   p - scarf {Spirit}
rCorr    .         Harm     .   (gloves unavailable)
MR       .....                  (boots unavailable)
Stlth    ++........             g - +2 amulet of reflection
HPRegen  0.57/turn              n - ring of fire
MPRegen  0.09/turn              (no ring)

@: no status effects
A: large, unfitting armour, claws 3, fast metabolism 3, gourmand, regeneration
1, shaggy fur 1, tough skin 3
a: no special abilities


You were in an ossuary.
You were not hungry.

You visited 1 branch of the dungeon, and saw 4 of its levels.
You also visited: Ossuary.

You collected 198 gold pieces.

Inventory:

Armour
 a - a +0 robe (worn)
 p - a scarf of spirit shield (worn)
Jewellery
 g - a +2 amulet of reflection (around neck)
 n - a ring of fire (left claw)
Wands
 m - a wand of enslavement (6)
Scrolls
 d - 3 scrolls of enchant weapon
 e - 2 scrolls of magic mapping
 f - a scroll of blinking
 k - a scroll of teleportation
 l - 3 scrolls of remove curse
Potions
 c - a potion of degeneration
 i - a potion of agility
Comestibles
 b - 10 rations


   Skills:
 + Level 3.2 Fighting
 + Level 3.2 Dodging
 - Level 1.0 Stealth
 * Level 4.9 Unarmed Combat
 + Level 1.3 Evocations


You had 4 spell levels left.
You didn't know any spells.
Your spell library was empty.

Dungeon Overview and Level Annotations

Branches:
Dungeon (4/15)            Ossuary (1/1)
 Temple: D:4-7

Altars:


Innate Abilities, Weirdness & Mutations

You are too large for most types of armour.
You have claws for hands.
Your metabolism is lightning-fast.
You like to eat raw meat.
Your natural rate of healing is unusually fast.
You are covered in fur. (AC +1)
You have extremely tough skin. (AC +3)


Message History

The human zombie hits you but does no damage.
The elf zombie hits you.
* * * LOW HITPOINT WARNING * * *
You scratch the elf zombie.
The elf zombie is lightly damaged.
The sentinel's mark upon you fades away.
The hobgoblin zombie closely misses you.
The mummy hits you.
* * * LOW HITPOINT WARNING * * *
The human zombie hits you but does no damage.
You closely miss the human zombie. You claw the human zombie!
The human zombie is severely damaged.
The elf zombie hits you but does no damage.
The hobgoblin zombie hits you but does no damage.
You scratch the human zombie but do no damage.
The human zombie is severely damaged.
The human zombie hits you.
* * * LOW HITPOINT WARNING * * *
The mummy hits you!
You die...

#...##############...#
#...# #... #...# #...#
#...# #...#
#...####+.... #...#
#...#.....∩.# #...#
#...#.......# #...#
#...#.......# #...#
#...#......Z####Z#...#
#...#.....ZZ@ZZZZ#...#
#...#.####ZM####Z#...#
#...# #^.# #...# #...#
#^.# #...#
#...######..######...#
#....................#
#........8..8........#
#....................#
#....................#


You could see a mummy, an adder zombie, 2 hobgoblin zombies, 2 kobold zombies, 4
elf zombies and a human zombie.

Vanquished Creatures
  A centaur zombie (Ossuary)
  Natasha (twice) (D:3)
  A mummy (Ossuary)
  Robin (D:3)
  2 adders (D:2)
  2 worms
  A dart slug (D:1)
  2 leopard geckos (D:1)
  5 orcs (D:3)
  9 bats
  6 giant cockroaches
  15 goblins
  11 hobgoblins
  5 jackals
  A quokka (D:2)
  4 frilled lizards
  11 hobgoblin zombies (Ossuary)
  A jackal zombie (Ossuary)
  9 kobolds
  2 kobold zombies (Ossuary)
  10 orc zombies (Ossuary)
  12 rats
113 creatures vanquished.

Notes
Turn   | Place    | Note
-------+----------+-------------------------------------------
     0 | D:1      | Emblim88 the Troll Monk began the quest for the Orb.
     0 | D:1      | Reached XP level 1. HP: 22/22 MP: 0/0
    78 | D:1      | Reached XP level 2. HP: 26/29 MP: 1/1
   487 | D:1      | Reached XP level 3. HP: 36/36 MP: 2/2
  1039 | D:2      | Reached skill level 4 in Unarmed Combat
  1039 | D:2      | Reached XP level 4. HP: 44/44 MP: 3/3
  1502 | D:3      | Noticed Robin
  1536 | D:3      | Killed Robin
  1652 | D:3      | Noticed Natasha
  1661 | D:3      | Killed Natasha
  1678 | D:3      | Reached XP level 5. HP: 53/53 MP: 4/4
  1807 | D:3      | Noticed Natasha
  2049 | D:3      | Reached skill level 1 in Evocations
  2090 | D:3      | Killed Natasha
  2292 | D:4      | Found a sand-covered staircase.
  2297 | Ossuary  | Entered an ossuary
  2434 | Ossuary  | Slain by a mummy

Skill      XL: |  1  2  3  4  5 |
---------------+----------------+-----
Unarmed Combat | 4 |  4.9
Dodging        | 3 |  3.2
Fighting       | 3 |  3.2
Evocations     | 1 |  1.3
Stealth        | |  1.0

Action                   |  1- 3 |  4- 6 || total
-------------------------+-------+-------++-------
Melee: Unarmed           |    97 |   194 ||   291
       Punch             |     1 |     3 ||     4
  Use: Scroll            |     4 |     3 ||     7
       Potion            |     4 |     4 ||     8
 Stab: Sleeping          |     5 |     1 ||     6
  Eat: Chunk             |    12 |     5 ||    17
       Ration            |       |     1 ||     1
Armor: Robe              |    36 |    79 ||   115
Dodge: Dodged            |    46 |   142 ||   188
Block: Other             |     1 |    19 ||    20
